 Dungeon Crawl Stone Soup version 0.25.0-11-g1f837a76a1 (webtiles) character file.

Game seed: 3069733377822204698

(classic levelgen) 63671 EnegeticOcto the Executioner (level 14, -9/126 HPs)
             Began as a Minotaur Fighter on June 25, 2020.
             Mangled by an orc warlord
             ... wielding a +0 battleaxe
              (22 damage)
             ... on level 2 of the Orcish Mines.
             The game lasted 00:27:26 (30220 turns).

EnegeticOcto the Executioner (Minotaur Fighter)    Turns: 30220, Time: 00:27:27

Health: -9/126     AC: 17    Str: 25    XL:     14   Next: 68%
Magic:  17/17      EV: 10    Int:  5    God:
Gold:   1771       SH:  0    Dex: 11    Spells: 13/13 levels left

rFire    . . .     SeeInvis .   b - +6 arbalest "Damnation" {damnation}
rCold    . . .     Gourm    .   (shield currently unavailable)
rNeg     . . .     Faith    .   c - +0 plate armour
rPois    .         Spirit   .   D - +1 hat
rElec    .         Reflect  .   M - +0 cloak {rCorr}
rCorr    +         Harm     .   L - +0 pair of gloves
MR       ++...                  (no boots)
Stlth    ..........             (no amulet)
HPRegen  0.31/turn              Q - ring of protection from magic
MPRegen  0.15/turn              (no ring)

@: studying Fighting
A: retaliatory headbutt, horns 2
a: no special abilities


You were on level 2 of the Orcish Mines.
You were not hungry.

You visited 3 branches of the dungeon, and saw 19 of its levels.
You also visited: Ice Cave.

You collected 2334 gold pieces.
You spent 563 gold pieces at shops.

Inventory:

Hand Weapons
 a - a +4 executioner's axe of freezing
 b - the +6 arbalest "Damnation" (weapon) {damnation}
   (You found it on level 2 of the Lair of Beasts)
Missiles
 z - 111 bolts (quivered)
 G - 16 throwing nets {!f}
Armour
 c - a +0 plate armour (worn)
 q - +0 swamp dragon scales
 D - a +1 hat (worn)
 L - a +0 pair of gloves (worn)
 M - a +0 cloak of preservation (worn)
Jewellery
 f - an uncursed ring of ice
 N - an uncursed ring of fire
 Q - a ring of protection from magic (left hand)
Wands
 o - a wand of flame (2) {@v4}
 u - a wand of polymorph (8)
 A - a wand of paralysis (26)
 C - a wand of enslavement (15)
 H - a wand of iceblast (7) {@v2}
 I - a wand of acid (1) {@v1}
 R - a wand of clouds (7)
Scrolls
 g - a scroll of identify {@r1}
 i - a scroll of immolation
 k - 11 scrolls of teleportation {@r3 !r}
 p - 4 scrolls of magic mapping {@r5 !r}
 r - 2 scrolls of silence
 v - 3 scrolls of blinking {@r4}
 w - 2 scrolls of fog {!r}
 F - 10 scrolls of remove curse {@r2}
Potions
 d - a potion of might {@q3 !q}
 l - 4 potions of haste {@q4 !q}
 m - 4 potions of mutation
 n - 2 potions of ambrosia
 s - a potion of cancellation
 t - 2 potions of resistance
 x - 4 potions of berserk rage
 B - a potion of magic
 E - 2 potions of lignification {@q6}
 J - 4 potions of curing {@q1 !q}
 K - 2 potions of flight
 O - a potion of stabbing {@q5 !q}
Books
 y - a manual of Fighting
Comestibles
 e - 34 rations
 j - 11 chunks of flesh


   Skills:
 + Level 12.0 Fighting
 * Level 22.6 Axes
 + Level 4.0 Crossbows
 + Level 8.8 Armour
 + Level 7.2 Dodging
   Level 5.7 Shields
 - Level 6.0 Evocations


You had 13 spell levels left.
You didn't know any spells.
Your spell library contained the following spells:

 Spells                   Type           Power        Failure   Level  Hunger
 Corona                   Hex            #......      99%         1    ##.....
 Freeze                   Ice            #...         99%         1    ##.....
 Slow                     Hex            #.......     100%        2    ###....
 Frozen Ramparts          Ice            #.....       100%        3    ####...
 Inner Flame              Hex/Fire       #.......     100%        3    ####...
 Ozocubu's Armour         Chrm/Ice       #.......     100%        3    ####...
 Portal Projectile        Hex/Tloc       #.....       100%        3    ####...
 Cause Fear               Hex            #.........   100%        4    #####..
 Hailstorm                Conj/Ice       #.......     100%        4    #####..
 Leda's Liquefaction      Hex/Erth       #.........   100%        4    #####..
 Summon Ice Beast         Ice/Summ       #.......     100%        4    #####..


Dungeon Overview and Level Annotations

Branches:
Dungeon (11/15)            Temple (0/1) D:4            Lair (6/6) D:8
 Shoals (0/4) Lair:3        Snake (0/4) Lair:4        Slime (0/5) Lair:6
    Orc (2/2) D:11            Elf (0/3) Orc:2         IceCv (visited)

Altars:
Ashenzari
Cheibriados
Dithmenos
Elyvilon
Fedhas
Hepliaklqana
Makhleb
Ru
Sif Muna
Trog
Uskayaw
Xom
Zin
The Shining One
Beogh

Shops:
D:5 *   D:8 =   D:9 !   Orc:2 :*

Annotations:
D:3 2 runed translucent doors, kikerikii's ghost, amateur HaWr
D:9 2 transporters


Innate Abilities, Weirdness & Mutations

You reflexively headbutt those who attack you in melee.
You have a pair of horns on your head.


Message History

You dice the ogre like an onion!!! You freeze the ogre.
You kill the ogre!
The warg closely misses you. You furiously retaliate!
You headbutt the warg! You barely miss the warg.
The warg is severely wounded.
You barely miss the orc. The warg closely misses you.
The orc hits you but does no damage.
The orc knight complains repeatedly.
You slash the warg! You freeze the warg.
You kill the warg!
You slice the orc!! You freeze the orc.
You kill the orc!
You slice the orc!! You freeze the orc.
You kill the orc!
The orc knight hits you with a +0 great sword!!
Items here: $ ( ))) [ † You hit the orc warlord.
You freeze the orc warlord.
The orc warlord is lightly wounded.
You slice the orc knight!! You freeze the orc knight. You slash the orc knight!
You freeze the orc knight.
The orc warlord hits you with a +0 battleaxe!!
You are too injured to fight recklessly!
You are too injured to fight recklessly!
You are too injured to fight recklessly!
You are too injured to fight recklessly!
The orc knight hits you with a +0 great sword!!
The orc knight unwields a +0 great sword.
The orc knight wields a +0 arbalest.
The orc knight shoots a bolt.
The bolt completely misses you.
The bolt hits the fungus!!
The fungus is destroyed!
The orc warlord no longer looks unusually strong.
The orc knight roars a battlecry!
The orc warlord goes into a battle-frenzy!
The orc knight shoots a bolt.
The bolt hits you!!
* * * LOW HITPOINT WARNING * * *
You see here a bolt.
Really quaff
h - 2 potions of heal wounds {@q2 !q}?
You feel much better.
The orc no longer looks unusually strong.
Your +4 executioner's axe of freezing stops glowing.
b - the +6 arbalest "Damnation" (weapon)
{damnation} The orc knight no longer looks unusually strong.
The orc knight shoots a bolt.
The bolt hits you but does no damage.
Firing (i - inventory. (/) - cycle)
z - 115 bolts (quivered)
Press: ? - help, Shift-Dir - straight line, f - orc warlord
Aim: an orc warlord, wielding a +0 battleaxe and wearing a cursed +0 plate armour (lightly wounded, strong)
You shoot a damnation bolt.
The damnation bolt hits the orc warlord!!
The orc warlord is moderately wounded.
The damnation bolt explodes!
The damnation engulfs the orc warlord!
The orc warlord is moderately wounded.
The damnation engulfs the orc!!
You kill the orc!
The damnation engulfs the orc knight!!
The orc knight is heavily wounded.
The damnation engulfs the orc knight!!
The orc knight is almost dead.
You hear a shout!
The orc knight roars a battlecry!
The orc knight goes into a battle-frenzy!
The orc knight shoots a bolt.
The bolt hits you!!
* * * LOW HITPOINT WARNING * * *
The orc knight no longer looks unusually strong.
The orc warlord roars a battlecry!
The orc knight goes into a battle-frenzy!
Really quaff
h - a potion of heal wounds {@q2 !q}?
You feel much better.
Firing (i - inventory. (/) - cycle)
z - 114 bolts (quivered)
Press: ? - help, Shift-Dir - straight line, f/p - orc warlord
Aim: an orc warlord, wielding a +0 battleaxe and wearing a cursed +0 plate armour (moderately wounded, strong)
You shoot a damnation bolt.
The damnation bolt closely misses the orc warlord.
The damnation bolt explodes!
The damnation engulfs the orc warlord!
The orc warlord is heavily wounded.
The damnation engulfs the orc knight!
You kill the orc knight!
Your Crossbows skill increases to level 4!
The orc warlord no longer looks unusually strong.
Items here: ( ) [ † a +0 halberd; 6 boomerangs; a +0 chain mail; an orc corpse Firing (i - inventory. (/) - cycle)
z - 113 bolts (quivered)
Press: ? - help, Shift-Dir - straight line, p - orc warlord You shoot a damnation bolt.
The damnation bolt explodes!
The damnation engulfs the orc warlord!
The orc warlord is heavily wounded.
The damnation engulfs the orc knight!!
You kill the orc knight!
You hear a shout!
The orc warlord suddenly grunts, in orcish tradition.
The orc warlord hits you with a +0 battleaxe!
* * * LOW HITPOINT WARNING * * *
Firing (i - inventory. (/) - cycle)
z - 112 bolts (quivered)
Press: ? - help, Shift-Dir - straight line You shoot a damnation bolt.
The damnation bolt explodes!
The damnation engulfs the orc warlord!!
The orc warlord is severely wounded.
The orc warlord hits you with a +0 battleaxe!!
* * * LOW HITPOINT WARNING * * *
The orc warlord hits you with a +0 battleaxe!!
You die...

...[<[.##......# ..#.#
...[[[###......### ....
......###...#....###....
).....).#...##...##....
#....).....##......... #######
####))...### #......# ###.P...# #
#>.....# ##......# ##........
####......###.......####...P.....
##.......).###..@o.)...#........)
#....).##...)#.))).)..)(...)...)†
.......#.)...÷)###.....).(...∩...
......####)..)).#####....P..8....
#.....####)).).## ...............
##....#$.).###).#..........P..P.P
#<....)...# ##.......#..........
##.##.))### .....####....P...# ##
#..## ....## ##...##...


You could see an orc warlord.

Vanquished Creatures
  The ghost of Xudgha the Protected, a journeyman MiFi of Okawaru (Lair:2)
  The ghost of Reubyar the Impaler, a journeyman MiBe of Trog (Lair:2)
  The ghost of Jalix the Spear-Bearer, a journeyman MiGl of Yredelemnul (Lair:2)
  3 hydras
  4 two-headed ogres
  Erica (D:10)
  Urug (D:11)
  3 orc high priests
  A death yak (Lair:6)
  Nergalle (Lair:2)
  2 unseen horrors (D:11)
  An orc sorcerer (Orc:2)
  5 orc knights (Orc:2)
  2 ugly things (IceCv)
  A merfolk siren (Lair:3)
  A torpor snail (Lair:6)
  4 black mambas
  Psyche (D:11)
  25 spiny frogs
  3 ice statues (IceCv)
  A rime drake (Lair:6)
  14 komodo dragons
  4 trolls
  Grinder (D:6)
  4 tyrant leeches (Lair:6)
  16 blink frogs
  11 hippogriffs
  Sigmund (D:6)
  58 yaks
  6 vampire mosquitoes (Lair:6)
  A hungry ghost (D:11)
  4 basilisks
  Edmund (D:6)
  2 wargs (Orc:2)
  Menkaure (D:6)
  3 nagas (Lair:4)
  9 water moccasins
  38 orc warriors
  18 porcupines
  8 ice beasts
  A sky beast (D:5)
  2 black bears (D:9)
  A phantom (D:5)
  An eye of draining (D:11)
  A necrophage (D:11)
  8 ogres
  17 wolves
  5 centaurs
  9 crocodiles
  23 bullfrogs
  4 gnoll sergeants (D:10)
  4 scorpions
  2 water moccasin skeletons
  15 killer bees
  4 electric eels
  8 wights
  A howler monkey (D:6)
  2 crimson imps
  A bullfrog zombie (D:9)
  A quasit (D:6)
  A centaur zombie (D:11)
  13 hounds
  19 orc priests
  2 centaur skeletons (D:11)
  2 bullfrog skeletons
  4 gnoll shamans (D:10)
  4 jellies
  2 iguanas (D:4)
  Jessica (D:2)
  22 orc wizards
  Ijyb (D:5)
  6 worker ants
  A hound skeleton (D:10)
  10 adders
  33 gnolls
  A howler monkey skeleton (D:4)
  3 shadow imps
  12 white imps (Lair:6)
  4 oozes
  An adder skeleton (D:10)
  A worm (D:4)
  3 dart slugs (D:2)
  5 leopard geckos
  68 orcs
  6 bats
  4 giant cockroaches
  10 goblins
  7 hobgoblins
  3 jackals
  7 quokkas
  2 ball pythons
  5 frilled lizards
  10 kobolds
  A leopard gecko zombie (D:5)
  2 quokka skeletons
  5 rats
  5 fungi
  3 plants
662 creatures vanquished.

Vanquished Creatures (collateral kills)
  4 yaks (Lair:5)
4 creatures vanquished.

Vanquished Creatures (others)
  A black mamba (Lair:5)
  2 yaks (Lair:6)
  23 fungi
  61 plants
  4 withered plants (Lair:2)
91 creatures vanquished.

Grand Total: 757 creatures vanquished

Notes
Turn   | Place    | Note
-------+----------+-------------------------------------------
     0 | D:1      | EnegeticOcto the Minotaur Fighter began the quest for the
                  | Orb.
     0 | D:1      | Reached XP level 1. HP: 19/19 MP: 0/0
   302 | D:1      | Reached XP level 2. HP: 27/27 MP: 1/1
   576 | D:1      | Reached skill level 3 in Axes
   946 | D:1      | Reached skill level 1 in Dodging
   950 | D:1      | Reached skill level 4 in Armour
  1027 | D:2      | Reached XP level 3. HP: 32/33 MP: 2/2
  1032 | D:2      | Noticed Jessica
  1039 | D:2      | Killed Jessica
  1039 | D:2      | Reached skill level 4 in Fighting
  1039 | D:2      | Reached skill level 4 in Shields
  1355 | D:2      | Reached XP level 4. HP: 40/40 MP: 3/3
  1789 | D:2      | Found a shadowy altar of Dithmenos.
  2060 | D:2      | Reached skill level 4 in Axes
  2395 | D:3      | Noticed a bullfrog
  2401 | D:3      | Killed a bullfrog
  2401 | D:3      | Reached skill level 2 in Dodging
  2401 | D:3      | Reached XP level 5. HP: 45/47 MP: 4/4
  2480 | D:3      | Found a shattered altar of Ashenzari.
  2514 | D:3      | Found a hazy altar of Hepliaklqana.
  2537 | D:3      | Found a large runed translucent door.
  2537 | D:3      | Found a large runed translucent door.
  2539 | D:3      | Noticed kikerikii's ghost (amateur HaWr)
  2817 | D:3      | Found a shimmering blue altar of Sif Muna.
  2817 | D:3      | Found a shimmering altar of Xom.
  3012 | D:4      | Reached XP level 6. HP: 53/53 MP: 5/5
  3018 | D:4      | Reached skill level 5 in Axes
  3231 | D:4      | Reached skill level 5 in Armour
  3311 | D:4      | Found a sacrificial altar of Ru.
  3326 | D:4      | Reached skill level 5 in Fighting
  3326 | D:4      | Reached skill level 5 in Shields
  3483 | D:4      | Reached XP level 7. HP: 54/61 MP: 6/6
  3485 | D:4      | Reached skill level 3 in Dodging
  3655 | D:4      | Reached skill level 6 in Axes
  4179 | D:4      | Found a staircase to the Ecumenical Temple.
  4619 | D:5      | Entered Level 5 of the Dungeon
  4676 | D:5      | Reached skill level 7 in Axes
  4676 | D:5      | Reached XP level 8. HP: 37/70 MP: 7/7
  4862 | D:5      | Found Domoos's Assorted Antiques.
  4865 | D:5      | Bought a scroll labeled KAEBBUENIS for 18 gold pieces
  4865 | D:5      | Bought a scroll labeled TOM NYISSUDGH for 18 gold pieces
  4865 | D:5      | Bought a scroll labeled JEEMEENWIK for 18 gold pieces
  4946 | D:5      | Found a shimmering altar of Xom.
  4974 | D:5      | Reached skill level 6 in Armour
  4974 | D:5      | Reached skill level 4 in Dodging
  5053 | D:5      | Noticed Ijyb
  5058 | D:5      | Killed Ijyb
  5060 | D:5      | Reached skill level 6 in Fighting
  5191 | D:5      | Found a glowing golden altar of the Shining One.
  5281 | D:5      | Found a white marble altar of Elyvilon.
  5503 | D:5      | Found a blossoming altar of Fedhas.
  5645 | D:6      | Noticed Menkaure
  5653 | D:6      | Reached skill level 8 in Axes
  5685 | D:6      | Noticed Grinder
  5712 | D:6      | Paralysed by Grinder for 5 turns
  5717 | D:6      | Killed Grinder
  6062 | D:6      | Killed Menkaure
  6062 | D:6      | Reached skill level 5 in Dodging
  6195 | D:6      | Noticed Sigmund
  6195 | D:6      | Noticed Edmund
  6219 | D:6      | Killed Edmund
  6222 | D:6      | Killed Sigmund
  6222 | D:6      | Reached skill level 7 in Fighting
  6222 | D:6      | Reached skill level 9 in Axes
  6222 | D:6      | Reached skill level 7 in Armour
  6222 | D:6      | Reached XP level 9. HP: 79/79 MP: 8/8
  7303 | D:5      | Bought a runed executioner's axe for 234 gold pieces
  7683 | D:8      | Found a snail-covered altar of Cheibriados.
  7683 | D:8      | Found a hide-covered altar of Uskayaw.
  7688 | D:8      | Found a burning altar of Makhleb.
  7690 | D:8      | Found a glowing silver altar of Zin.
  7692 | D:8      | Found a bloodstained altar of Trog.
  7781 | D:8      | Reached skill level 10 in Axes
  7904 | D:8      | Reached skill level 8 in Fighting
  7971 | D:8      | Reached skill level 11 in Axes
  8010 | D:8      | Reached XP level 10. HP: 37/90 MP: 9/9
  8227 | D:8      | Found a staircase to the Lair.
  8343 | D:8      | Reached skill level 9 in Fighting
  8600 | D:8      | Reached skill level 12 in Axes
  8687 | D:8      | Found Egreulai's Jewellery Shop.
  9409 | D:9      | Found a transporter.
  9410 | D:9      | Noticed a two-headed ogre
  9412 | D:9      | Noticed a two-headed ogre
  9412 | D:9      | Noticed a cyclops
  9621 | D:9      | Found Eperriuc's Distillery.
  9802 | D:9      | Found a roughly hewn altar of Beogh.
  9802 | D:9      | Found a transporter.
  9830 | D:10     | Entered Level 10 of the Dungeon
 10422 | D:10     | Reached skill level 13 in Axes
 10433 | D:10     | Reached skill level 10 in Fighting
 11165 | D:9      | Reached skill level 14 in Axes
 11499 | D:10     | Noticed a two-headed ogre
 11506 | D:10     | Killed a two-headed ogre
 11506 | D:10     | Reached XP level 11. HP: 71/100 MP: 10/10
 12627 | D:10     | Noticed Erica
 12631 | D:10     | Killed Erica
 12631 | D:10     | Reached skill level 15 in Axes
 12868 | Lair:1   | Entered Level 1 of the Lair of Beasts
 12998 | Lair:1   | Reached skill level 1 in Evocations
 13129 | Lair:1   | Reached skill level 2 in Evocations
 13239 | Lair:1   | Reached skill level 16 in Axes
 13968 | Lair:1   | Reached skill level 3 in Evocations
 14444 | Lair:1   | Noticed an eight-headed hydra
 14452 | Lair:1   | Killed an eight-headed hydra
 15205 | Lair:1   | Reached skill level 4 in Evocations
 15478 | Lair:2   | Reached XP level 12. HP: 106/106 MP: 14/14
 15528 | Lair:2   | Reached skill level 17 in Axes
 15822 | Lair:2   | Noticed Nergalle
 15843 | Lair:2   | Killed Nergalle
 15888 | Lair:2   | Identified a scroll of acquirement
 16105 | Lair:2   | Reached skill level 5 in Evocations
 16470 | Lair:2   | Found a runed translucent gate.
 16470 | Lair:2   | Found a runed translucent gate.
 16470 | Lair:2   | Found a runed translucent gate.
 16470 | Lair:2   | Noticed Xudgha's ghost (journeyman MiFi)
 16470 | Lair:2   | Noticed Jalix's ghost (journeyman MiGl)
 16471 | Lair:2   | Noticed Reubyar's ghost (journeyman MiBe)
 16787 | Lair:2   | Found the +6 arbalest "Damnation" {damnation}
 17245 | Lair:3   | Found a staircase to the Shoals.
 17913 | Lair:3   | Reached skill level 18 in Axes
 18558 | Lair:4   | Reached skill level 6 in Evocations
 19243 | Lair:4   | Noticed a four-headed hydra
 19246 | Lair:4   | Found a staircase to the Snake Pit.
 19258 | Lair:4   | Killed a seven-headed hydra
 19612 | Lair:4   | Reached skill level 19 in Axes
 20660 | Lair:5   | Reached XP level 13. HP: 70/113 MP: 16/16
 21672 | Lair:5   | Identified the cursed +1 chain mail of the Dolphin {Int+2
                  | Dex+2 Stlth+} (You found it on level 5 of the Lair of
                  | Beasts)
 22148 | Lair:6   | Entered Level 6 of the Lair of Beasts
 22148 | Lair:6   | Found a frozen archway.
 22152 | Lair:6   | Reached skill level 20 in Axes
 22170 | IceCv    | Entered an ice cave
 23206 | Lair:6   | Reached skill level 21 in Axes
 23628 | Lair:5   | HP: 5/113 [poisoned by a spiny frog]
 23634 | Lair:5   | HP: 4/113 [poisoned by a spiny frog]
 23640 | Lair:5   | HP: 4/113 [poisoned by a spiny frog]
 23648 | Lair:5   | HP: 4/113 [poisoned by a spiny frog]
 24938 | Lair:6   | Found a staircase to the Slime Pits.
 24947 | Lair:6   | Reached skill level 22 in Axes
 24948 | Lair:6   | Reached XP level 14. HP: 95/121 MP: 17/17
 26312 | D:8      | Bought an uncursed ring of protection from magic for 275
                  | gold pieces
 26367 | D:11     | Noticed Psyche
 26551 | D:11     | Noticed Urug
 26555 | D:11     | Killed Psyche
 26562 | D:11     | Killed Urug
 26787 | D:11     | Reached skill level 1 in Crossbows
 26830 | D:11     | Reached skill level 6 in Dodging
 27394 | D:11     | Reached skill level 2 in Crossbows
 27394 | D:11     | Reached skill level 8 in Armour
 27546 | D:11     | Reached skill level 11 in Fighting
 28041 | D:11     | Found a staircase to the Orcish Mines.
 28191 | Lair:2   | Killed Xudgha's ghost
 28206 | Lair:2   | Killed Jalix's ghost
 28465 | Lair:2   | Killed Reubyar's ghost
 28725 | Orc:1    | Entered Level 1 of the Orcish Mines
 28992 | Orc:2    | Entered Level 2 of the Orcish Mines
 28992 | Orc:2    | Found a staircase to the Elven Halls.
 29227 | Orc:1    | Reached skill level 3 in Crossbows
 29602 | Orc:2    | Found Caifiaff's Book Shoppe.
 29640 | Orc:2    | Found a roughly hewn altar of Beogh.
 29943 | Orc:2    | Reached skill level 7 in Dodging
 30053 | Orc:2    | Reached skill level 12 in Fighting
 30181 | Orc:2    | Found Doot's General Store.
 30190 | Orc:2    | Noticed an orc warlord
 30214 | Orc:2    | Reached skill level 4 in Crossbows
 30220 | Orc:2    | Mangled by an orc warlord

Illustrated notes

Levels and vault maps discovered:
D:1:      giann_wishing_wells, layout_basic
D:2:      layout_basic, lemuel_round_altar, minmay_heptomino_o4, uniq_jessica
D:3:      layout_loops_ring, ashenzari_altar_1, lemuel_crystal_altar,
          gammafunk_temple_overflow_pools, ebering_ghost_disaster_area
D:4:      layout_loops_cross, nicolae_ru_path_of_blood,
          lemuel_temple_firewalk_a, first_ration
D:5:      layout_loops_ring, fedhas_altar_1, lemuel_coloured_pillars_altar,
          basic_altar, serial_shops, nicolae_shop_crystal, xom_teletrap_fun,
          uniq_ijyb
D:6:      layout_rooms, sigmund_edmund_badplayer, uniq_menkaure, uniq_grinder
D:7:      layout_rooms
D:8:      layout_loops_ring, chequers_temple_overflow_minitemple,
          minmay_lair_entry_grove, serial_shops, shop
D:9:      gammafunk_beogh_shrine, layout_long_grid, serial_shops,
          kennysheep_little_box
D:10:     layout_big_octagon, serial_gnoll_camp, gnoll_camp_mini_hut,
          gnoll_camp_mini_sergeant, gnoll_camp_huts_moat, gnoll_camp_mini_hut,
          gnoll_camp_medium_01, gnoll_camp_mini_house, uniq_erica
D:11:     layout_roguey [special_room_orc], orc_0_dummy, grunt_pizzeria,
          eino_small_chamber_without_monster, minmay_alternating_orb,
          uniq_psyche, uniq_urug
Lair:1:   layout_regular_city, serial_forest, infiniplex_forest_fountain,
          infiniplex_forest_clump_medium, infiniplex_forest_end_2,
          infiniplex_forest_end_1, infiniplex_forest_end_1,
          infiniplex_forest_clump_small, infiniplex_forest_lined_corner,
          infiniplex_forest_clump_curved, infiniplex_forest_lined_corner,
          st_stairs_9
Lair:2:   layout_regular_city, gammafunk_ghost_cemetery, beast_lair_carwin_10,
          lemuel_fruit_tree, uniq_nergalle
Lair:3:   layout_regular_city, minmay_shoals_entry_lonely_mermaid
Lair:4:   layout_gridlike, minmay_snake_entry_guardpost_small
Lair:5:   layout_cave_pods, disabler_island, grunt_megastairs_1
Lair:6:   minmay_lair_end_frog_pond, layout_big_grid,
          nicolae_slime_entry_slimehenge, portal_ice_cave_entry_imps
Orc:1:    layout_caves
Orc:2:    grunt_orc_gardens, layout_diamond_mine, grunt_orc_garden,
          grunt_orc_garden, grunt_orc_garden, grunt_orc_garden, basic_altar

Skill      XL: |  1  2  3  4  5  6  7  8  9 10 11 12 13 14 |
---------------+-------------------------------------------+-----
Axes           | 3 4 5 7 9 11 14 16 19 22 | 22.6
Dodging        | 1 2 3 5 7 |  7.2
Armour         | 4 5 7 8 |  8.8
Fighting       | 4 5 7 8 10 12 | 12.0
Shields        | 4 5 |  5.7
Evocations     | 4 6 |  6.0
Crossbows      | 4 |  4.0

Action                   |  1- 3 |  4- 6 |  7- 9 | 10-12 | 13-15 || total
-------------------------+-------+-------+-------+-------+-------++-------
Melee: War axe           |    79 |   144 |   208 |       |       ||   431
       Headbutt          |     7 |    16 |    50 |    91 |    98 ||   262
       Executioner's axe |       |       |    31 |   496 |   575 ||  1102
 Fire: Arbalest          |       |       |       |       |    17 ||    17
Throw: Boomerang         |       |       |    13 |    91 |     9 ||   113
Evoke: Wand              |       |       |     1 |    14 |    11 ||    26
  Use: Scroll            |     1 |    11 |    10 |     9 |     6 ||    37
       Potion            |       |       |     1 |     4 |     4 ||     9
 Stab: Confused          |       |       |     3 |       |       ||     3
       Paralysed         |       |       |       |     1 |       ||     1
       Distracted        |       |       |       |       |     1 ||     1
  Eat: Chunk             |     1 |     7 |    15 |    24 |    23 ||    70
       Ration            |       |       |       |     5 |     2 ||     7
Armor: Scale mail        |    44 |    53 |       |       |       ||    97
       Swamp dragon scal |       |     3 |    83 |   144 |       ||   230
       Plate armour      |       |       |       |   118 |   329 ||   447
       Skin              |       |       |       |     8 |       ||     8
Dodge: Dodged            |    25 |    47 |   111 |   423 |   230 ||   836
Block: Kite shield       |    45 |    81 |   109 |       |       ||   235
